 Dungeon Crawl Stone Soup version 0.30-b1-2-g02819fbbbe (webtiles) character file.

Game seed: 11535117258545982016

2261 Ashen the Trooper (level 9, -1/89 HPs)
             Began as an Ogre Air Elementalist on Jan 16, 2024.
             Was a Follower of Vehumet.
             Slain by a vampire (9 damage)
             ... on level 8 of the Dungeon.
             The game lasted 00:23:42 (9789 turns).

Ashen the Trooper (Ogre Air Elementalist)           Turns: 9789, Time: 00:23:44

Health: -1/89      AC:  4    Str: 18    XL:     9   Next: 38%
Magic:  6/17       EV: 10    Int: 20    God:    Vehumet [*.....]
Gold:   491        SH:  0    Dex:  9    Spells: 8/19 levels left

rFire   . . .        e - +0 whip
rCold   . . .        (no shield)
rNeg    . . .        a - +1 robe
rPois   .            n - +0 hat of Oluakk {Regen+ Str+4 Stlth+}
rElec   .            D - scarf {repulsion}
rCorr   .            (gloves unavailable)
SInv    .            (boots unavailable)
Will    .....        k - amulet of magic regeneration
Stlth   +++          y - ring of wizardry
HPRegen 1.14/turn    (no ring)
MPRegen 0.55/turn

%: repel missiles, wizardry (x1)
@: very slightly contaminated
A: large, unfitting armour, tough skin 1
a: Renounce Religion


You were on level 8 of the Dungeon.
You worshipped Vehumet.
Vehumet was aware of your devotion.
You visited 2 branches of the dungeon, and saw 9 of its levels.
You also visited: Sewer.

You collected 491 gold pieces.

Inventory:

Hand Weapons
 e - a +0 whip (weapon)
 C - a +0 giant spiked club
Armour
 a - a +1 robe (worn)
 i - +0 acid dragon scales
 n - the +0 hat of Oluakk (worn) {Regen+ Str+4 Stlth+}
   (You found it on level 3 of the Dungeon)

   Str:       It affects your strength (+4).
   Regen:     It increases your rate of health regeneration.
   Stlth:     It makes you more stealthy.
 w - a +2 cloak
 D - a scarf of repulsion (worn)
Jewellery
 k - an amulet of magic regeneration (around neck)
 y - a ring of wizardry (left hand)
Scrolls
 c - 3 scrolls of immolation
 f - a scroll of summoning
 g - 4 scrolls of teleportation
 j - a scroll of torment
 l - 2 scrolls of fear
 m - a scroll of enchant armour
 o - a scroll of vulnerability {unknown}
 p - a scroll of fog {unknown}
 q - 2 scrolls of magic mapping
 s - a scroll of poison {unknown}
 x - a scroll of enchant weapon {unknown}
 B - a scroll of blinking {unknown}
 E - a scroll of identify
Potions
 b - 2 potions of magic
 d - 2 potions of mutation
 h - 2 potions of heal wounds
 r - a potion of invisibility
 t - 2 potions of resistance
 u - 3 potions of curing
 v - 3 potions of attraction
 z - 2 potions of might
 A - 2 potions of lignification


   Skills:
 + Level 6.0 Fighting
 + Level 4.2 Maces & Flails
 + Level 4.5 Dodging
 - Level 3.0 Stealth
 + Level 5.6 Spellcasting
 + Level 4.4 Conjurations
 + Level 5.1 Air Magic


You had 8 spell levels left.
You knew the following spells:

 Your Spells              Type           Power      Damage    Failure   Level
a - Shock                 Conj/Air       96%        1d9       1%          1
b - Static Discharge      Conj/Air       48%        2-4/arc   1%          2
c - Swiftness             Air            26%        N/A       1%          3
d - Airstrike             Air            13%        2d(2-18)  5%          4
e - Foxfire               Conj/Fire      56%        2x1d6     1%          1

Your spell library contained the following spells:

 Spells                   Type           Power      Damage    Failure   Level
 Portal Projectile        Hex/Tloc       10%        N/A       13%         3
 Tukima's Dance           Hex            5%         N/A       13%         3
 Cause Fear               Hex            2%         N/A       38%         4
 Leda's Liquefaction      Hex/Erth       2%         N/A       38%         4
 Blade Hands              Tmut           2%         N/A       73%         5
 Lee's Rapid Deconstruct  Erth           2%         3d5*      73%         5
 Statue Form              Tmut/Erth      3%         N/A       99%         6
 Dragon Form              Tmut           2%         N/A       100%        7
 Dragon's Call            Summ           2%         N/A       100%        9


Dungeon Overview and Level Annotations

Branches:
Dungeon (8/15)             Temple (1/1) D:4           Sewer (visited)
   Lair: D:8-11

Altars:
Ashenzari
Cheibriados
Dithmenos
Elyvilon
Fedhas
Gozag
Hepliaklqana
Kikubaaqudgha
Makhleb
Nemelex Xobeh
Okawaru
Qazlal
Ru
Sif Muna
Trog
Uskayaw
Vehumet
Wu Jian
Yredelemnul
Zin
The Shining One

Shops:
D:4 *

Annotations:
D:3 exclusion: hobgoblin, Grinder, Sigmund, Terence
D:4 Edmund
D:5 exclusion: black bear
D:6 2 runed translucent doors, noone's ghost, amateur MiFi


Innate Abilities, Weirdness & Mutations

You are too large for most types of armour.
You have tough skin. (AC +1)


Message History

Casting: Static Discharge (safe; 1% risk of failure)
Confirm with . or Enter, or press ? or * to list all spells.
Something is struck by an arc of lightning.
You are struck by an arc of lightning.
Something is struck by an arc of lightning.
You are struck by an arc of lightning.
The lightning grounds out.
Something hits you. Something bites you!
* * * LOW HITPOINT WARNING * * *
Something draws strength from your injuries!
You feel much better. Something hits you!
Something bites you but does no damage.
Casting: Static Discharge (safe; 1% risk of failure)
Confirm with . or Enter, or press ? or * to list all spells.
You can't see any susceptible monsters within range! (Use Z to cast anyway.)
Casting: Static Discharge (safe; 1% risk of failure)
Confirm with . or Enter, or press ? or * to list all spells.
Aiming: Airstrike (dangerous; 5% risk of failure)
Press: ? - help, Dir - move target The air twists around and strikes something.
Something draws life force from you!
* * * LOW HITPOINT WARNING * * *
Unknown command.
Casting: Airstrike (dangerous; 5% risk of failure)
Confirm with . or Enter, or press ? or * to list all spells.
Aiming: Airstrike (dangerous; 5% risk of failure)
Press: ? - help, Dir - move target The air twists around and strikes something.
Something hits you!
* * * LOW HITPOINT WARNING * * *
Something bites you but does no damage.
Casting: Airstrike (dangerous; 5% risk of failure)
Confirm with . or Enter, or press ? or * to list all spells.
Aiming: Airstrike (dangerous; 5% risk of failure)
Press: ? - help, Dir - move target You miscast Airstrike.
You are very lightly contaminated with residual magic.
Nothing appears to happen.
Something hits you!
* * * LOW HITPOINT WARNING * * *
Something bites you!
You die...

##.####..# #.#
.........######.#
#.........#
#.######### ####.#
##....#
#######.†...#
#####...........#
#........@#.....#
#.###.###.##........
#.###.# #.###.....##
#...#.# #.# #.......
#.....# #.#
#........ #<..###
#.# ###.####. #..##
#.# .# #..######.#
+# #.........#


There were no monsters in sight!

Vanquished Creatures
  Eustachio (D:5)
  An acid dragon (D:6)
  A water moccasin (D:8)
  3 ogres
  2 black bears
  2 centaurs (D:6)
  A kobold brigand (D:7)
  A bullfrog (D:7)
  3 scorpions
  5 wights (D:6)
  2 howler monkeys (D:7)
  4 jellies
  A hound (D:5)
  Crazy Yiuf (D:7)
  3 orc priests
  A sleepcap (D:6)
  An iguana (D:5)
  3 orc wizards
  A hell rat (Sewer)
  5 adders
  2 gnolls
  5 river rats (Sewer)
  3 shadow imps
  2 worms
  4 dart slugs
  14 orcs
  4 bats
  13 endoplasms
  10 giant cockroaches
  5 goblins
  9 hobgoblins
  7 jackals
  4 quokkas
  7 ball pythons
  3 frilled lizards
  14 kobolds
  11 rats
159 creatures vanquished.

Vanquished Creatures (others)
  6 foxfires (D:6)
6 creatures vanquished.

Grand Total: 165 creatures vanquished

Notes
Turn   | Place    | Note
-------+----------+-------------------------------------------
     0 | D:1      | Ashen the Ogre Air Elementalist began the quest for the
                  | Orb.
     0 | D:1      | Reached XP level 1. HP: 16/16 MP: 3/3
     2 | D:1      | Found a runed translucent door.
   167 | D:1      | Reached skill level 1 in Conjurations
   271 | D:1      | Reached XP level 2. HP: 26/26 MP: 0/5
   429 | D:1      | Reached skill level 1 in Fighting
   757 | D:1      | Reached XP level 3. HP: 33/33 MP: 4/7
  1646 | D:2      | Reached XP level 4. HP: 41/41 MP: 3/8
  1893 | D:2      | You fall into a shaft and drop 1 floor!
  1931 | D:3      | Noticed Grinder
  1945 | D:3      | Noticed Terence
  1996 | D:3      | Identified the +0 hat of Oluakk {Regen+ Str+4 Stlth+}
  2357 | D:3      | Found a stormy altar of Qazlal.
  2358 | D:3      | Found a white marble altar of Elyvilon.
  2926 | D:2      | Reached skill level 1 in Maces & Flails
  3263 | D:2      | Reached XP level 5. HP: 49/49 MP: 7/9
  3314 | D:2      | Reached skill level 2 in Fighting
  3516 | D:3      | Found a burning altar of Makhleb.
  3517 | D:3      | Noticed Sigmund
  3518 | D:3      | Found a glowing golden altar of the Shining One.
  3629 | D:4      | Learned a level 2 spell: Static Discharge
  3633 | D:4      | Learned a level 3 spell: Swiftness
  3638 | D:4      | Learned a level 4 spell: Airstrike
  3794 | D:4      | Found Kyah's Overcharged Wands.
  4210 | D:4      | Noticed an ogre
  4258 | D:4      | Found a staircase to the Ecumenical Temple.
  4267 | Temple   | Entered the Ecumenical Temple
  4310 | Temple   | Became a worshipper of Vehumet
  5131 | D:4      | Found an opulent altar of Gozag.
  5131 | D:4      | Noticed Edmund
  5382 | D:5      | Entered Level 5 of the Dungeon
  5439 | D:5      | Reached XP level 6. HP: 59/59 MP: 2/10
  5584 | D:5      | Noticed a black bear
  5845 | D:5      | Noticed Eustachio
  6276 | D:5      | Reached skill level 3 in Fighting
  6607 | D:5      | Reached XP level 7. HP: 30/67 MP: 1/12
  6696 | D:5      | Killed Eustachio
  7124 | D:6      | Found a bloodstained altar of Trog.
  7320 | D:6      | Reached skill level 4 in Fighting
  7323 | D:6      | Reached XP level 8. HP: 37/78 MP: 1/14
  7783 | D:6      | Reached skill level 5 in Fighting
  7817 | D:6      | Found a glowing drain.
  7830 | Sewer    | Entered a sewer
  7922 | Sewer    | Reached * piety under Vehumet
  7922 | Sewer    | Offered knowledge of Foxfire by Vehumet.
  7970 | Sewer    | Learned a level 1 spell: Foxfire
  8098 | D:6      | Reached skill level 5 in Spellcasting
  8275 | D:6      | Reached XP level 9. HP: 82/88 MP: 8/16
  8514 | D:6      | Found a large runed translucent door.
  8514 | D:6      | Found a large runed translucent door.
  8519 | D:6      | Noticed noone's ghost (amateur MiFi)
  8626 | D:7      | Found a runed translucent door.
  8627 | D:7      | Noticed Crazy Yiuf
  8632 | D:7      | Killed Crazy Yiuf
  8719 | D:7      | Reached skill level 5 in Air Magic
  8831 | D:7      | Found a sacrificial altar of Ru.
  9088 | D:7      | Found a sparkling altar of Nemelex Xobeh.
  9159 | D:7      | Found a hide-covered altar of Uskayaw.
  9458 | D:7      | Found a glowing silver altar of Zin.
  9458 | D:7      | Noticed an angel
  9466 | D:7      | Found the +5 Force Lance {heavy, knockback}
  9662 | D:8      | Reached skill level 6 in Fighting
  9789 | D:8      | Slain by a vampire

Illustrated notes

Levels and vault maps discovered:
D:1:      dpeg_arrival_caged_fury, layout_loops_ring, minmay_bisected
D:2:      layout_loops_ring, cheibrodos_gnoll_hut
D:3:      layout_rooms, nicolae_overflow_hidden_temple, uniq_grinder,
          uniq_terence, uniq_sigmund
D:4:      layout_layer_cave, nicolae_gozag_cash_rules_everything_around_me,
          minmay_temple_entry_sparse_star, nicolae_shop_overcharged_wands,
          uniq_edmund
D:5:      layout_layer_cave, minmay_circle_x, uniq_eustachio
D:6:      layout_gridville, trog_ov_bears_minmay, ebering_ghost_disaster_area,
          cheibrodos_sewer_entry_bend
D:7:      layout_basic, zin_angel, kennysheep_mini, minitemple,
          uniq_crazy_yiuf_cottage
D:8:      layout_loops_corners, xom_shifter_show
Temple:   grunt_temple_mini_profane

Skill      XL: |  1  2  3  4  5  6  7  8  9 |
---------------+----------------------------+-----
Conjurations   | 1 2 3 4 |  4.4
Fighting       | 1 2 3 4 5 6 |  6.0
Dodging        | 2 3 4 |  4.5
Air Magic      | 3 4 5 |  5.1
Stealth        | 2 3 |  3.0
Spellcasting   | 3 4 5 |  5.6
Maces & Flails | 1 2 3 4 |  4.2

Action                     |  1- 3 |  4- 6 |  7- 9 || total
---------------------------+-------+-------+-------++-------
  Melee: Unarmed           |    50 |       |       ||    50
         Whip              |    42 |   106 |    77 ||   225
         Punch             |       |     3 |     3 ||     6
   Cast: Shock             |    55 |   153 |   105 ||   313
         Swiftness         |       |     1 |       ||     1
         Static Discharge  |       |     5 |    23 ||    28
         Airstrike         |       |       |    20 ||    20
         Foxfire           |       |       |     3 ||     3
    Use: Scroll            |     1 |       |    16 ||    17
         Potion            |       |       |     3 ||     3
   Stab: Sleeping          |     1 |     1 |     3 ||     5
 Armour: Robe              |    53 |    33 |    40 ||   126
  Dodge: Dodged            |    68 |    86 |    84 ||   238
         Repelled          |       |       |     1 ||     1
